APP
GREAT FALLS VOYAGERS @ TEXAS (APP) RANGERS
10/23/2046
 
TOP OF THE 1ST
Elizabethton Twins batting - Pitching for Seattle (APP) Mariners : LHP Kelly Cathcart
Pitching: LHP Kelly Cathcart
Batting: LHB Luis Tarango 0-0: Called Strike
0-1: Foul Ball, location: 2F
0-2: Ground out 4-3 (Groundball, 4, EV 83.1 MPH)
Batting: RHB Steve Amiano 0-0: Ball
1-0: Foul Ball, location: 2F
1-1: Foul Ball, location: 2F
1-2: Ball
2-2: Foul Ball, location: 2F
2-2: Foul Ball, location: 2F
2-2: Ball
3-2: Foul Ball, location: 2F
3-2: Ground out 4-3 (Groundball, 4, EV 86.9 MPH)
Batting: RHB Danny Stein 0-0: Foul Ball, location: 2F
0-1: Ball
1-1: Ball
2-1: SOLO HOME RUN (Line Drive, 7D, EV 100.6 MPH), Distance : 363 ft
Batting: RHB Justin Wright 0-0: Ball
1-0: Ball
2-0: Called Strike
2-1: Fly out, F8 (Line Drive, 8RD, EV 102.5 MPH)
Top of the 1st over - 1 run, 1 hit, 0 errors, 0 left on base; Elizabethton 1 - Seattle (APP) 0
BOTTOM OF THE 1ST
Seattle (APP) Mariners batting - Pitching for Elizabethton Twins : RHP Francisco Pena
Pitching: RHP Francisco Pena
Batting: LHB Humberto Herrada 0-0: Called Strike
0-1: Ball
1-1: Ball
2-1: Ball
3-1: Foul Ball, location: 2F
3-2: Base on Balls
Batting: RHB Corey Davis 0-0: Ball
1-0: Called Strike
1-1: Ball
2-1: Ball
3-1: Fielders Choice at 2nd, 4-6 (Groundball, 34, EV 81.9 MPH)
Batting: LHB Griffin Fogle 0-0: Called Strike
0-1: Ball
1-1: Called Strike
1-2: Fly out, F9 (Flyball, 9LM, EV 72.5 MPH)
Batting: RHB J.J. Phillips 0-0: Ball
1-0: Called Strike
1-1: Ground out 3-1 (Groundball, 3L, EV 104.4 MPH)
Bottom of the 1st over - 0 runs, 0 hits, 0 errors, 1 left on base; Elizabethton 1 - Seattle (APP) 0
TOP OF THE 2ND
Elizabethton Twins batting - Pitching for Seattle (APP) Mariners : LHP Kelly Cathcart
Batting: SHB Ivan Batlle 0-0: Called Strike
0-1: Ground out 4-3 (Groundball, 4, EV 81.3 MPH)
Batting: RHB Constantino Gaivo 0-0: Ball
1-0: Ball
2-0: Called Strike
2-1: Foul Ball, location: 2F
2-2: Ground out 6-3 (Groundball, 6, EV 99.4 MPH)
Batting: RHB Nate Diaz 0-0: Called Strike
0-1: Ball
1-1: Swinging Strike
1-2: Foul Ball, location: 2F
1-2: Ball
2-2: Ball
3-2: DOUBLE (Line Drive, 9LD, EV 107.5 MPH)
Batting: SHB Nick Miller 0-0: Called Strike
0-1: Foul Ball, location: 2F
0-2: Ball
1-2: Foul Ball, location: 2F
1-2: Ground out 2-3 (Groundball, 15S, EV 71.3 MPH)
Top of the 2nd over - 0 runs, 1 hit, 0 errors, 1 left on base; Elizabethton 1 - Seattle (APP) 0
BOTTOM OF THE 2ND
Seattle (APP) Mariners batting - Pitching for Elizabethton Twins : RHP Francisco Pena
Batting: LHB Joe Thompson 0-0: Foul Ball, location: 2F
0-1: Ground out 6-3 (Groundball, 6, EV 85.0 MPH)
Batting: RHB Manny Santos 0-0: Called Strike
0-1: Foul Ball, location: 2F
0-2: Ball
1-2: Ground out U3 (Groundball, 3S, EV 90.0 MPH)
Batting: RHB Abel Gray 0-0: Called Strike
0-1: Ball
1-1: Hit by Pitch
Batting: RHB David Knox 0-0: Called Strike
0-1: Called Strike
0-2: Foul Ball, location: 2F
0-2: Ball
1-2: Ball
2-2: Ball
3-2: Base on Balls
Abel Gray to second
Batting: RHB Evan Bohringer 0-0: Fly out, F7 (Flyball, 7LS, EV 72.5 MPH)
Bottom of the 2nd over - 0 runs, 0 hits, 0 errors, 2 left on base; Elizabethton 1 - Seattle (APP) 0
TOP OF THE 3RD
Elizabethton Twins batting - Pitching for Seattle (APP) Mariners : LHP Kelly Cathcart
Batting: RHB Jamie Williams 0-0: Ball
1-0: Called Strike
1-1: Swinging Strike
1-2: Ball
2-2: Strikes out swinging
Batting: LHB Luis Tarango 0-0: Called Strike
0-1: DOUBLE (Groundball, 3L, EV 104.4 MPH)
Batting: RHB Steve Amiano 0-0: Ball
1-0: Foul Ball, location: 2F
1-1: Ball
2-1: Called Strike
2-2: Ball
3-2: Foul Ball, location: 2F
3-2: Base on Balls
Pitching: RHP Oscar Godinez
Batting: RHB Danny Stein 0-0: Grounds into double play, 1-6-3 (Groundball, 13, EV 81.3 MPH)
Top of the 3rd over - 0 runs, 1 hit, 0 errors, 1 left on base; Elizabethton 1 - Seattle (APP) 0
BOTTOM OF THE 3RD
Seattle (APP) Mariners batting - Pitching for Elizabethton Twins : RHP Francisco Pena
Batting: LHB Humberto Herrada 0-0: Called Strike
0-1: Ball
1-1: Ball
2-1: Called Strike
2-2: Foul Ball, location: 2F
2-2: Ball
3-2: Base on Balls
Batting: RHB Corey Davis 0-0: Ball
1-0: Called Strike
1-1: Ball
2-1: Swinging Strike
2-2: Ball
3-2: Fly out, F8 (Flyball, 8LM, EV 88.8 MPH)
Batting: LHB Griffin Fogle 0-0: SINGLE (Flyball, 89M, EV 89.4 MPH)
Humberto Herrada to second
Batting: RHB J.J. Phillips 0-0: Called Strike
Humberto Herrada steals 3rd, throwing error, E2
Humberto Herrada scores
Griffin Fogle to third
0-1: Ball
1-1: Foul Ball, location: 2F
1-2: DOUBLE (Flyball, 8RXD, EV 93.8 MPH)
Griffin Fogle scores
Batting: LHB Joe Thompson 0-0: Ground out 6-3 (Groundball, 6M, EV 88.8 MPH)
J.J. Phillips to third
Batting: RHB Manny Santos 0-0: Swinging Strike
0-1: Ball
Wild Pitch!
J.J. Phillips scores
1-1: Swinging Strike
1-2: Strikes out looking
Bottom of the 3rd over - 3 runs, 2 hits, 1 error, 0 left on base; Elizabethton 1 - Seattle (APP) 3
TOP OF THE 4TH
Elizabethton Twins batting - Pitching for Seattle (APP) Mariners : RHP Oscar Godinez
Batting: RHB Justin Wright 0-0: Ground out 5-3 (Groundball, 56, EV 79.4 MPH)
Batting: SHB Ivan Batlle 0-0: Foul Ball, location: 2F
0-1: Ball
1-1: Ball
2-1: Foul Ball, location: 2F
2-2: Ball
3-2: Foul Ball, location: 2F
3-2: Base on Balls
Batting: RHB Constantino Gaivo 0-0: SINGLE (Groundball, 6MD, EV 103.8 MPH)
Ivan Batlle to second
Batting: RHB Nate Diaz 0-0: Called Strike
0-1: Fly out, F5 (Line Drive, 5, EV 70.0 MPH)
Batting: SHB Nick Miller 0-0: Ball
1-0: Ball
2-0: Called Strike
2-1: Fly out, F9 (Line Drive, 9, EV 96.3 MPH)
Top of the 4th over - 0 runs, 1 hit, 0 errors, 2 left on base; Elizabethton 1 - Seattle (APP) 3
BOTTOM OF THE 4TH
Seattle (APP) Mariners batting - Pitching for Elizabethton Twins : RHP Francisco Pena
Batting: RHB Abel Gray 0-0: Ball
1-0: Foul Ball, location: 2F
1-1: Swinging Strike
1-2: Ball
2-2: Foul Ball, location: 2F
2-2: Strikes out swinging
Batting: RHB David Knox 0-0: Called Strike
0-1: Swinging Strike
0-2: Ground out 6-3 (Groundball, 56, EV 100.6 MPH)
Batting: RHB Evan Bohringer 0-0: Called Strike
0-1: Ball
1-1: Ball
2-1: Ground out 4-3 (Groundball, 4, EV 88.8 MPH)
Bottom of the 4th over - 0 runs, 0 hits, 0 errors, 0 left on base; Elizabethton 1 - Seattle (APP) 3
TOP OF THE 5TH
Elizabethton Twins batting - Pitching for Seattle (APP) Mariners : RHP Oscar Godinez
Batting: RHB Jamie Williams 0-0: Called Strike
0-1: Foul Ball, location: 2F
0-2: Foul Ball, location: 2F
0-2: Strikes out swinging
Batting: LHB Luis Tarango 0-0: Ball
1-0: Ball
2-0: Ball
3-0: Swinging Strike
3-1: Base on Balls
Batting: RHB Steve Amiano 0-0: Ball
Luis Tarango is caught stealing 2nd base 2-4
1-0: Swinging Strike
1-1: Foul Ball, location: 2F
1-2: Ball
2-2: Ball
3-2: Ground out 6-3 (Groundball, 6, EV 90.6 MPH)
Top of the 5th over - 0 runs, 0 hits, 0 errors, 0 left on base; Elizabethton 1 - Seattle (APP) 3
BOTTOM OF THE 5TH
Seattle (APP) Mariners batting - Pitching for Elizabethton Twins : RHP Francisco Pena
Batting: LHB Humberto Herrada 0-0: Swinging Strike
0-1: Swinging Strike
0-2: Ball
1-2: SINGLE (Groundball, 34D, EV 102.5 MPH)
Batting: RHB Corey Davis 0-0: Ball
Humberto Herrada steals 2nd base
1-0: Called Strike
1-1: Ground out 6-3 (Groundball, 6M, EV 81.3 MPH)
Humberto Herrada to third
Batting: LHB Griffin Fogle 0-0: Foul Ball, location: 2F
0-1: Foul Ball, location: 2F
0-2: Ball
1-2: Ball
2-2: Ball
3-2: Ground out 6-3 (Groundball, 6S, EV 82.5 MPH)
Batting: RHB J.J. Phillips 0-0: Swinging Strike
0-1: Ball
1-1: Ball
2-1: Ball
Wild Pitch!
Humberto Herrada scores
3-1: Foul Ball, location: 2F
3-2: Strikes out looking
Bottom of the 5th over - 1 run, 1 hit, 0 errors, 0 left on base; Elizabethton 1 - Seattle (APP) 4
TOP OF THE 6TH
Elizabethton Twins batting - Pitching for Seattle (APP) Mariners : RHP Oscar Godinez
Batting: RHB Danny Stein 0-0: Called Strike
0-1: SINGLE (Line Drive, 4D, EV 98.8 MPH)
Batting: RHB Justin Wright 0-0: Swinging Strike
0-1: Foul Ball, location: 2F
0-2: Strikes out looking
Batting: SHB Ivan Batlle 0-0: Fielders Choice at 2nd, 3-6 (Groundball, 3S, EV 80.6 MPH)
Batting: RHB Constantino Gaivo 0-0: Ball
1-0: Swinging Strike
1-1: Ball
2-1: Ball
3-1: Called Strike
3-2: Ground out 5-3 (Groundball, 56, EV 108.8 MPH)
Top of the 6th over - 0 runs, 1 hit, 0 errors, 1 left on base; Elizabethton 1 - Seattle (APP) 4
BOTTOM OF THE 6TH
Seattle (APP) Mariners batting - Pitching for Elizabethton Twins : RHP Francisco Pena
Pitching: RHP Andy Nell
Batting: LHB Joe Thompson 0-0: DOUBLE (Groundball, 3L, EV 109.4 MPH) - OUT at third base trying to stretch hit.
Batting: RHB Manny Santos 0-0: Ball
1-0: Called Strike
1-1: Foul Ball, location: 2F
1-2: Strikes out looking
Batting: RHB Abel Gray 0-0: Ball
1-0: Called Strike
1-1: Called Strike
1-2: Strikes out swinging
Bottom of the 6th over - 0 runs, 1 hit, 0 errors, 0 left on base; Elizabethton 1 - Seattle (APP) 4
TOP OF THE 7TH
Elizabethton Twins batting - Pitching for Seattle (APP) Mariners : RHP Oscar Godinez
Pitching: RHP Marco Castillo
Batting: RHB Nate Diaz 0-0: Ball
1-0: Hit by Pitch
Batting: SHB Nick Miller 0-0: Fielders Choice at 2nd, 5-4 (Groundball, 56, EV 92.5 MPH)
Batting: RHB Jamie Williams 0-0: Ball
1-0: Ball
2-0: Foul Ball, location: 2F
2-1: Ball
3-1: Called Strike
3-2: Foul Ball, location: 2F
3-2: Fly out, F8 (Flyball, 8RD, EV 101.3 MPH)
Batting: LHB Luis Tarango 0-0: Ball
Wild Pitch!
Nick Miller to second
1-0: Swinging Strike
1-1: Ball
2-1: Foul Ball, location: 2F
2-2: Strikes out swinging
Top of the 7th over - 0 runs, 0 hits, 0 errors, 1 left on base; Elizabethton 1 - Seattle (APP) 4
BOTTOM OF THE 7TH
Seattle (APP) Mariners batting - Pitching for Elizabethton Twins : RHP Andy Nell
Pitching: LHP Lorenzo Chavez
Batting: RHB David Knox 0-0: Called Strike
0-1: Foul Ball, location: 2F
0-2: Hit by Pitch
Batting: RHB Evan Bohringer 0-0: Ball
1-0: Ball
2-0: Fly out, F3 (Line Drive, 3, EV 75.0 MPH)
Lined into DP, U3 (Line Drive, 3, EV 70.0 MPH)
Batting: LHB Humberto Herrada 0-0: Ball
1-0: Foul Ball, location: 2F
1-1: Swinging Strike
1-2: Foul Ball, location: 2F
1-2: Foul Ball, location: 2F
1-2: Ball
2-2: Ball
3-2: Strikes out swinging
Bottom of the 7th over - 0 runs, 0 hits, 0 errors, 0 left on base; Elizabethton 1 - Seattle (APP) 4
TOP OF THE 8TH
Elizabethton Twins batting - Pitching for Seattle (APP) Mariners : RHP Marco Castillo
Batting: RHB Steve Amiano 0-0: Called Strike
0-1: Swinging Strike
0-2: Ground out 5-3 (Groundball, 56S, EV 62.5 MPH)
Batting: RHB Danny Stein 0-0: Called Strike
0-1: Ball
1-1: Ball
2-1: Foul Ball, location: 2F
2-2: Ball
3-2: Base on Balls
Batting: RHB Justin Wright 0-0: Called Strike
0-1: Swinging Strike
0-2: Ball
1-2: Strikes out swinging
Batting: SHB Ivan Batlle 0-0: Ball
1-0: Swinging Strike
1-1: Ball
2-1: Foul Ball, location: 2F
2-2: Foul Ball, location: 2F
2-2: Reached on error, E6 (Groundball, 6, EV 83.1 MPH)
Danny Stein to second
Batting: RHB Constantino Gaivo 0-0: Called Strike
0-1: Foul Ball, location: 2F
0-2: Ball
1-2: Ground out 1-3 (Groundball, 34S, EV 77.5 MPH)
Top of the 8th over - 0 runs, 0 hits, 1 error, 2 left on base; Elizabethton 1 - Seattle (APP) 4
BOTTOM OF THE 8TH
Seattle (APP) Mariners batting - Pitching for Elizabethton Twins : LHP Lorenzo Chavez
Pitching: RHP Shiloh Rawls
Batting: RHB Corey Davis 0-0: Foul Ball, location: 2F
0-1: Called Strike
0-2: Ball
1-2: Ball
2-2: Ball
3-2: Foul Ball, location: 2F
3-2: Foul Ball, location: 2F
3-2: Foul Ball, location: 2F
3-2: Strikes out looking
Batting: LHB Griffin Fogle 0-0: Called Strike
0-1: Ball
1-1: Ball
2-1: Called Strike
2-2: Strikes out swinging
Batting: RHB J.J. Phillips 0-0: Ground out 6-3 (Groundball, 6, EV 86.3 MPH)
Bottom of the 8th over - 0 runs, 0 hits, 0 errors, 0 left on base; Elizabethton 1 - Seattle (APP) 4
TOP OF THE 9TH
Elizabethton Twins batting - Pitching for Seattle (APP) Mariners : RHP Marco Castillo
Pitching: RHP Gregorio Perez
Batting: RHB Nate Diaz 0-0: Ball
1-0: Called Strike
1-1: Fly out, F3 (Popup, 3DF, EV 58.1 MPH)
Batting: SHB Nick Miller 0-0: Fly out, F7 (Line Drive, 7D, EV 99.4 MPH)
Batting: RHB Jamie Williams 0-0: Called Strike
0-1: Foul Ball, location: 2F
0-2: Strikes out swinging
Top of the 9th over - 0 runs, 0 hits, 0 errors, 0 left on base; Elizabethton 1 - Seattle (APP) 4
Tuesday, September 13th , 2022 - OOTP Baseball 23.7 Build 88